 Dungeon Crawl Stone Soup version 0.27.1-34-g3ba077fa99 (webtiles) character file.

Game seed: 9161811635979799527

33 vvl the Ruffian (level 3, -1/28 HPs)
             Began as a Draconian Transmuter on Jan 21, 2022.
             Slain by an iguana (4 damage)
             ... on level 2 of the Dungeon.
             The game lasted 00:02:35 (1188 turns).

vvl the Ruffian (Draconian Transmuter)              Turns: 1188, Time: 00:02:35

Health: -1/28      AC:  5    Str: 13    XL:     3   Next: 12%
Magic:  5/6        EV: 12    Int: 13    God:
Gold:   36         SH:  0    Dex: 11    Spells: 5/6 levels left

rFire    + . .     SeeInvis .     - Unarmed
rCold    + . .     Faith    .   (no shield)
rNeg     . . .     Spirit   .   (armour unavailable)
rPois    .         Reflect  .   (helmet currently unavailable)
rElec    .         Harm     .   c - scarf {rC+ rF+}
rCorr    .         Rampage  .   (no gloves)
Will     +....                  (boots currently unavailable)
Stlth    +.........             (no amulet)
HPRegen  0.09/turn              h - ring of willpower
MPRegen  0.10/turn              (no ring)

@: appendages
A: horns 2, talons 2, AC +5, unfitting armour, cold-blooded
a: End Transformation


You were on level 2 of the Dungeon.
You had temporarily grown beastly horns and talons.
You visited 1 branch of the dungeon, and saw 2 of its levels.

You collected 36 gold pieces.

Inventory:

Armour
 c - a scarf of resistance (worn)
Jewellery
 h - a ring of willpower (left hand)
Scrolls
 a - a scroll of immolation {unknown}
 b - a scroll of identify {unknown}
 e - 2 scrolls of fog {unknown}
Potions
 d - a potion of magic {unknown}
 f - 2 potions of curing {unknown}
 g - a potion of attraction {unknown}


   Skills:
 + Level 1.5 Fighting
 + Level 2.0 Dodging
 + Level 0.2 Shields
 * Level 3.3 Unarmed Combat
 + Level 2.2 Spellcasting
 * Level 2.6 Transmutations


You had 5 spell levels left.
You knew the following spells:

 Your Spells              Type           Power      Damage    Failure   Level
a - Beastly Appendage     Tmut           16%        N/A       9%          1

Your spell library contained the following spells:

 Spells                   Type           Power      Damage    Failure   Level
 Wereblood                Tmut           8%         N/A       13%         2
 Spider Form              Tmut/Pois      2%         N/A       41%         3
 Ice Form                 Ice/Tmut       4%         N/A       82%         4


Dungeon Overview and Level Annotations

Branches:
Dungeon (2/15)

Altars:


Innate Abilities, Weirdness & Mutations

You have temporarily grown beastly horns and talons.
Your plain brown scales are hard. (AC +5)
You cannot fit into any form of body armour.
You are cold-blooded and may be slowed by cold attacks.


Message History

You tail-slap the kobold, but do no damage.
The kobold is severely wounded.
The kobold closely misses you.
You closely miss the kobold.
You tail-slap the kobold, but do no damage.
The kobold is severely wounded.
The kobold closely misses you.
You closely miss the kobold. You claw the kobold, but do no damage.
The kobold is severely wounded.
You hit the kobold but do no damage. You claw the kobold, but do no damage.
You tail-slap the kobold, but do no damage.
The kobold is severely wounded.
The kobold closely misses you.
You barely miss the kobold.
You headbutt the kobold, but do no damage.
The kobold is severely wounded.
The kobold barely misses you.
You hit the kobold.
You kill the kobold!
The bat closely misses you.
You closely miss the bat. Your kick misses the bat.
The bat hits you but does no damage.
You barely miss the bat. The bat hits you but does no damage.
The bat closely misses you.
You hit the bat.
You kill the bat!
Your horns disappear.
Your talons disappear.
Casting: Beastly Appendage (safe; 9% risk of failure)
Confirm with . or Enter, or press ? or * to list all spells.
You grow a pair of large bovine horns.
Your feet morph into talons.
The iguana barely misses you.
You closely miss the iguana. You headbutt the iguana.
The iguana is almost dead.
You barely miss the iguana.
Your tail-slap misses the iguana.
The iguana is almost dead.
The iguana barely misses you.
You completely miss the iguana.
The iguana is almost dead.
The iguana bites you.
You die...

####.......
.........$####
#############..$.......
#...................#
#.#####.####.#.....#####.
......#.# #.##..........
#.###.#.# #.###†#.#####.
#.# #...# #.# #l#.# #.#
#..## #.# #@#.# #.###..#
#.# #.#.# .......#####.#
#.#.#
#............###.#.#
######.####......#.# #.#
#.###### #.# #.# . #.#
#.# .. ..# #.#


You could see an iguana.

Vanquished Creatures
  A worm (D:2)
  A dart slug (D:1)
  4 ball pythons
  An endoplasm (D:1)
  3 giant cockroaches (D:1)
  2 goblins (D:1)
  2 kobolds
  A quokka (D:2)
  A ball python zombie (D:1)
  6 bats
  3 frilled lizards
  A quokka zombie (D:1)
  2 rats
28 creatures vanquished.

Notes
Turn   | Place    | Note
-------+----------+-------------------------------------------
     0 | D:1      | vvl the Draconian Transmuter began the quest for the Orb.
     0 | D:1      | Reached XP level 1. HP: 16/16 MP: 3/3
   281 | D:1      | Reached XP level 2. HP: 22/23 MP: 3/5
   660 | D:1      | Found a faded altar of an unknown god.
  1084 | D:2      | Reached XP level 3. HP: 28/28 MP: 4/6
  1171 | D:2      | HP: 1/28 [kobold (5)]
  1188 | D:2      | Slain by an iguana

Illustrated notes

Levels and vault maps discovered:
D:1:      saegor_arrival_fortress, layout_basic,
          shapermc_ecumenical_altar_starsandcircs
D:2:      layout_loops_ring, basic_altar

Skill      XL: |  1  2 |
---------------+-------+-----
Dodging        | 2 |  2.0
Fighting       | |  1.5
Shields        | |  0.2
Unarmed Combat | |  3.3
Spellcasting   | |  2.2
Transmutations | |  2.6

Action                   || total
-------------------------++-------
Melee: Unarmed           ||    90
       Headbutt          ||    12
       Kick              ||    15
       Tailslap          ||     9
       Punch             ||     1
 Cast: Beastly Appendage ||    20
 Stab: Sleeping          ||     1
Armor: Skin              ||    25
Dodge: Dodged            ||    71
